 Dungeon Crawl Stone Soup version 0.30.1-11-g7821555f0a (webtiles) character file.

Game seed: 5503287844975206789

763 FakeRyeBread the Conjurer (level 7, 0/41 HPs)
             Began as an Octopode Conjurer on Dec 6, 2023.
             Killed by divine providence
             ... invoked by an orc priest
              (13 damage)
             ... on level 4 of the Dungeon.
             The game lasted 00:18:26 (4999 turns).

FakeRyeBread the Conjurer (Octopode Conjurer)       Turns: 4999, Time: 00:18:26

Health: 0/41       AC:  1    Str:  6    XL:     7   Next: 81%
Magic:  11/11      EV: 13    Int: 29    God:
Gold:   235        SH:  0    Dex: 10    Spells: 9/12 levels left

rFire   . .          .
                       - Unarmed
rCold   . . .        (no shield)
rNeg    . . .        (helmet restricted)
rPois   .            (no amulet)
rElec   .            g - +6 ring of intelligence
rCorr   .            (no ring)
SInv    .            (no ring)
Will    .....        (no ring)
Stlth   +++          (no ring)
HPRegen 0.26/turn    (no ring)
MPRegen 0.12/turn    (no ring)
                     (no ring)

%: no passive effects
@: no status effects
A: almost no armour, amphibious, 8 rings, camouflage 1, gelatinous body 1,
(nimble swimmer 1), tentacles
a: no special abilities


You were on level 4 of the Dungeon.
You visited 1 branch of the dungeon, and saw 4 of its levels.
You also visited: Sewer.

You collected 235 gold pieces.

Inventory:

Jewellery
 g - a +6 ring of intelligence (left tentacle)
Wands
 k - a wand of polymorph (7)
Scrolls
 b - 3 scrolls of teleportation
 c - a scroll of immolation
 e - a scroll of blinking {unknown}
 l - 3 scrolls of poison
 m - 2 scrolls of enchant weapon
 u - a scroll of noise
Potions
 a - a potion of magic
 d - a potion of invisibility {unknown}
 j - 2 potions of flight
 n - 2 potions of heal wounds
 o - 2 potions of haste {unknown}
 p - 2 potions of cancellation {unknown}
 q - a potion of curing {unknown}
 s - a potion of might {unknown}
 v - a potion of lignification {unknown}


   Skills:
 - Level 2.0 Dodging
 - Level 2.7 Stealth
 - Level 4.0 Unarmed Combat
 + Level 3.0 Spellcasting
 * Level 7.9 Conjurations


You had 9 spell levels left.
You knew the following spells:

 Your Spells              Type           Power      Damage    Failure   Level
a - Magic Dart            Conj           100%       1d8       1%          1
b - Searing Ray           Conj           100%       2d8       1%          2

Your spell library contained the following spells:

 Spells                   Type           Power      Damage    Failure   Level
 Dazzling Flash           Conj/Hex       54%        N/A       4%          3
 Sting                    Tmut/Pois      16%        1d3       8%          1
 Poisonous Vapours        Pois/Air       8%         N/A       12%         2
 Fulminant Prism          Conj/Hex       13%        3d8       16%         4
 Iskenderun's Mystic Bla  Conj/Tloc      27%        2d7       16%         4
 Olgreb's Toxic Radiance  Pois           4%         N/A       58%         4


Dungeon Overview and Level Annotations

Branches:
Dungeon (4/15)              Sewer (visited)
 Temple: D:4-7

Altars:
Kikubaaqudgha
Xom
Zin
The Shining One


Innate Abilities, Weirdness & Mutations

You cannot wear most types of armour.
You are amphibious.
You can wear up to eight rings at the same time.
Your skin changes colour to match your surroundings (Stealth+).
Your rubbery body absorbs attacks. (AC +1, EV +1)
((You are camouflaged when in or above water. (Stealth+)))
You have tentacles for arms and can constrict up to eight enemies at once.


Message History

Press: ? - help, Q - select action, (/) - cycle Shift-Dir - straight line, f - you
Okay, then.
Aiming: Searing Ray (safe; 1% risk of failure)
Press: ? - help, Q - select action, (/) - cycle Shift-Dir - straight line, f - adder
Aim: an adder (asleep, 100% to hit)
The searing ray hits the adder!
The adder is almost dead. (Press . to maintain the ray.)
The searing ray hits the adder!
You kill the adder!
Magic restored.
An orc wizard comes into view. It is wielding a +0 dagger.
An orc priest comes into view. It is wielding a +0 dagger.
The orc wizard shouts!
An orc comes into view. It is wielding a +0 falchion.
A quokka comes into view.
The orc wizard casts a spell.
The orc wizard flickers and vanishes!
Deactivating autopickup; reactivate with Ctrl-A.
You hear a shout!
You hear some strange, mumbled words.
A puff of flame appears from out of thin air!
The puff of flame hits you! Something hits you but does no damage.
Something hits you. Something hits you.
You hear some strange, mumbled words.
You are confused.
You bump into the rock wall.
Something hits you. The orc attacks as you move away!
The orc closely misses you.
The orc priest shouts!
You completely miss the orc. Your squeeze misses the orc. Something hits you.
The orc hits you with a +0 falchion.
You feel less confused. Something hits you. Something hits you.
The orc priest mumbles some strange prayers to Beogh against you.
Beogh smites you!
You die...

. #..............
..##.........88._
#.....##.....##..
#............# .
##..<........#
####........#
###..#...# #.
#..###..# #..
#.....@.##..#
##.....o#..#....
##.#..........#
###...o.#....# ...
#..........# ....
##..........###....#
#...#........#......
#...#...............
#...................


You could see an orc priest and an orc.

Vanquished Creatures
  Sigmund (D:2)
  3 kobold brigands (Sewer)
  A scorpion (D:4)
  Crazy Yiuf (D:2)
  4 gnolls (D:3)
  11 adders
  4 river rats (Sewer)
  An ufetubus (D:4)
  8 worms (Sewer)
  3 dart slugs (D:2)
  11 orcs
  10 endoplasms
  3 giant cockroaches
  4 goblins
  4 hobgoblins
  A quokka (D:2)
  9 ball pythons
  3 bats
  5 frilled lizards
  8 kobolds
  6 rats
101 creatures vanquished.

Notes
Turn   | Place    | Note
-------+----------+-------------------------------------------
     0 | D:1      | FakeRyeBread the Octopode Conjurer began the quest for the
                  | Orb.
     0 | D:1      | Reached XP level 1. HP: 11/11 MP: 3/3
   286 | D:1      | Reached XP level 2. HP: 17/17 MP: 1/5
   909 | D:2      | Reached XP level 3. HP: 20/21 MP: 2/6
   917 | D:2      | Learned a level 2 spell: Searing Ray
   925 | D:2      | Reached skill level 1 in Unarmed Combat
  1100 | D:2      | Noticed Sigmund
  1283 | D:2      | Reached skill level 5 in Conjurations
  1347 | D:2      | Reached XP level 4. HP: 27/27 MP: 2/7
  1698 | D:2      | Killed Sigmund
  1699 | D:2      | Reached skill level 6 in Conjurations
  1699 | D:2      | Reached XP level 5. HP: 7/31 MP: 5/8
  1699 | D:2      | Reached XP level 6. HP: 9/36 MP: 5/9
  1857 | D:2      | Found a runed translucent door.
  1858 | D:2      | Noticed Crazy Yiuf
  1936 | D:2      | Killed Crazy Yiuf
  2267 | D:3      | Found a glowing drain.
  2359 | Sewer    | Entered a sewer
  2599 | Sewer    | Reached skill level 7 in Conjurations
  2830 | Sewer    | Reached XP level 7. HP: 38/41 MP: 1/10
  4135 | D:3      | Found a shimmering altar of Xom.
  4758 | D:4      | Found an ancient bone altar of Kikubaaqudgha.
  4768 | D:4      | Found a glowing silver altar of Zin.
  4911 | D:4      | Found a glowing golden altar of the Shining One.
  4999 | D:4      | Killed from afar by an orc priest

Illustrated notes

Levels and vault maps discovered:
D:1:      dpeg_arrival_rooms_with_view, layout_loops_cross,
          minmay_splitting_lines
D:2:      layout_rooms, uniq_crazy_yiuf_cottage, uniq_sigmund
D:3:      layout_basic, tgw_xom, portal_sewer_entry_d,
          hangedman_abyss_or_decor_lesser_grid, kennysheep_cross_bottleneck
D:4:      layout_cave_pools, dreamdust_divine_triumvirate, kennysheep_mini_moat,
          gammafunk_ghost_abyssal_escape, nicolae_elevator_lobby_asterisk,
          uniq_eustachio

Skill      XL: |  1  2  3  4  5  6  7 |
---------------+----------------------+-----
Unarmed Combat | 1 2 3 4 |  4.0
Conjurations   | 5 6 7 |  7.9
Spellcasting   | 3 |  3.0
Dodging        | |  2.0
Stealth        | |  2.7

Action                     |  1- 3 |  4- 6 |  7- 9 || total
---------------------------+-------+-------+-------++-------
  Melee: Unarmed           |    19 |     6 |    13 ||    38
         Tentacles         |     7 |     3 |     3 ||    13
         Constrict         |     5 |     3 |     3 ||    11
   Cast: Magic Dart        |    43 |    14 |       ||    57
         Searing Ray       |     1 |    29 |    43 ||    73
    Use: Potion            |       |     1 |       ||     1
         Scroll            |       |       |    12 ||    12
 Armour: Skin              |     1 |       |     8 ||     9
  Dodge: Dodged            |    14 |    13 |    33 ||    60
